 Dungeon Crawl Stone Soup version 0.23.1 (webtiles) character file.

Game seed: 7640212350639466363

39 Chiseanne the Shooter (level 3, 0/35 HPs)
             Began as a Gnoll Wanderer on Mar 14, 2019.
             Slain by an adder (2 damage)
             ... on level 2 of the Dungeon.
             The game lasted 00:01:22 (1157 turns).

Chiseanne the Shooter (Gnoll Wanderer)              Turns: 1157, Time: 00:01:23

Health: 0/35       AC:  5    Str: 17    XL:     3   Next: 47%
Magic:  4/4        EV: 10    Int: 15    God:
Gold:   62         SH:  0    Dex: 13    Spells: 3/3 levels left

rFire    . . .     SeeInvis .   a - +0 mace
rCold    . . .     Gourm    .   (no shield)
rNeg     . . .     Faith    .   c - +0 ring mail
rPois    .         Spirit   .   (no helmet)
rElec    .         Reflect  .   (no cloak)
rCorr    .         Harm     .   (no gloves)
MR       .....                  (no boots)
Stlth    +.........             (no amulet)
HPRegen  0.11/turn              (no ring)
MPRegen  0.09/turn              (no ring)

@: lethally poisoned (0 -> -5)
A: distributed training, fangs 1, mutation resistance 1, strong 1, strong nose
a: no special abilities


You were on level 2 of the Dungeon.
You were very hungry.

You visited 1 branch of the dungeon, and saw 2 of its levels.

You collected 62 gold pieces.

Inventory:

Hand Weapons
 a - a +0 mace (weapon)
 w - a +2 shortbow
Missiles
 b - 21 arrows
 d - 111 stones (quivered)
 j - 54 sling bullets
 k - 16 bolts
Armour
 c - a +0 ring mail (worn)
Jewellery
 g - an uncursed amulet of harm {unknown}
 o - an uncursed amulet of the gourmand {unknown}
Scrolls
 e - 2 scrolls of identify {unknown}
 i - 2 scrolls of remove curse {unknown}
 l - a scroll of teleportation {unknown}
 m - a scroll of fog {unknown}
Potions
 h - a potion of curing {unknown}
 n - a potion of mutation
 p - a potion of lignification {unknown}
Comestibles
 f - 4 rations


   Skills:
 + Level 6.5 Fighting
 + Level 0.8 Short Blades
 + Level 0.8 Long Blades
 + Level 0.8 Axes
 + Level 2.6 Maces & Flails
 + Level 0.8 Polearms
 + Level 0.8 Staves
 + Level 0.8 Slings
 + Level 6.5 Bows
 + Level 0.8 Crossbows
 + Level 0.8 Throwing
 + Level 2.6 Armour
 + Level 0.8 Dodging
 + Level 0.8 Stealth
 + Level 2.6 Shields
 + Level 0.8 Unarmed Combat
 + Level 0.8 Spellcasting
 + Level 0.5 Conjurations
 + Level 0.5 Hexes
 + Level 0.5 Charms
 + Level 0.5 Summonings
 + Level 0.5 Necromancy
 + Level 0.5 Translocations
 + Level 0.5 Transmutations
 + Level 0.5 Fire Magic
 + Level 0.5 Ice Magic
 + Level 0.5 Air Magic
 + Level 0.5 Earth Magic
 + Level 0.5 Poison Magic
 + Level 1.0 Invocations
 + Level 2.6 Evocations


You had 3 spell levels left.
You didn't know any spells.
Your spell library was empty.

Dungeon Overview and Level Annotations

Branches:
Dungeon (2/15)

Altars:


Innate Abilities, Weirdness & Mutations

Your experience applies equally to all skills.
You have very sharp teeth.
Your uncanny sense of smell can sniff out nearby items.
You are somewhat resistant to further mutation.
Your muscles are strong. (Str +2)


Message History

The adder is almost dead.
You are feeling very hungry.
The adder bites you.
* * * LOW HITPOINT WARNING * * *
The adder bites you.
* * * LOW HITPOINT WARNING * * *
You are lethally poisoned!
The adder poisons you!
You barely miss the adder.
The adder is almost dead.
* * * LOW HITPOINT WARNING * * *
You feel sick. The adder barely misses you.
You miss the adder.
The adder is almost dead.
* * * LOW HITPOINT WARNING * * *
You feel sick. The adder closely misses you. The adder completely misses you.
It was a potion of mutation.
You feel extremely strange.
You feel stronger.
You feel genetically stable. The adder bites you.
You die...

#.#..#.......# #
#.######.#####..# #
#.#.............#
#.#>................
#.#.#.#<.#.######.#.
# #.#.#.#.##.#
##..#...#/#....#
#................
.##.##@#........
#S#..###### ∆ rg...#
∆ .#..#.# .##..#.#
.. ...#.. #. ##.###
∆ . .. ∆


You could see an adder, a hobgoblin and a rat.

Vanquished Creatures
  An ooze (D:1)
  2 dart slugs (D:1)
  5 bats (D:1)
  2 goblins (D:1)
  7 hobgoblins (D:1)
  4 jackals (D:1)
  2 frilled lizards (D:1)
  2 kobolds (D:1)
  4 rats
29 creatures vanquished.

Notes
Turn   | Place    | Note
-------+----------+-------------------------------------------
     0 | D:1      | Chiseanne the Gnoll Wanderer began the quest for the Orb.
     0 | D:1      | Chiseanne set off with the following items: a +2 shortbow,
                  | 21 arrows, a +0 ring mail, a +0 mace, a ration
     0 | D:1      | Reached XP level 1. HP: 23/23 MP: 2/2
   127 | D:1      | Reached XP level 2. HP: 29/29 MP: 3/3
   544 | D:1      | Reached XP level 3. HP: 31/35 MP: 4/4
  1092 | D:2      | Reached skill level 1 in Invocations
  1157 | D:2      | Gained mutation: Your muscles are strong. (Str +2) [potion
                  | of mutation]
  1157 | D:2      | Gained mutation: You are somewhat resistant to further
                  | mutation. [potion of mutation]
  1157 | D:2      | Slain by an adder

Skill      XL: |  1  2  3 |
---------------+----------+-----
Invocations    | 1 |  1.0
Fighting       | |  6.5
Short Blades   | |  0.8
Long Blades    | |  0.8
Axes           | |  0.8
Maces & Flails | |  2.6
Polearms       | |  0.8
Staves         | |  0.8
Slings         | |  0.8
Bows           | |  6.5
Crossbows      | |  0.8
Throwing       | |  0.8
Armour         | |  2.6
Dodging        | |  0.8
Stealth        | |  0.8
Shields        | |  2.6
Unarmed Combat | |  0.8
Spellcasting   | |  0.8
Conjurations   | |  0.5
Hexes          | |  0.5
Charms         | |  0.5
Summonings     | |  0.5
Necromancy     | |  0.5
Translocations | |  0.5
Transmutations | |  0.5
Fire Magic     | |  0.5
Ice Magic      | |  0.5
Air Magic      | |  0.5
Earth Magic    | |  0.5
Poison Magic   | |  0.5
Evocations     | |  2.6

Action                   || total
-------------------------++-------
Melee: Mace              ||   124
       Bite              ||     6
  Use: Potion            ||     1
Armor: Ring mail         ||    88
Dodge: Dodged            ||   110
